TORONTO Maple Leafs vs TAMPA BAY Lightning

Created - 14 décembre 2018 at 18:28

Goals
1 2 3 T
TORONTO Maple Leafs 2 2 2 6
TAMPA BAY Lightning 0 0 0 0
Shots
1 2 3 T
TORONTO Maple Leafs 13 10 7 30
TAMPA BAY Lightning 12 7 17 36

1st period

1. TORONTO Maple Leafs , Andrej Sekera 4 (Kris Letang 21, Stefan Noesen 4) at 7:29
2. TORONTO Maple Leafs , Nikolaj Ehlers 11 (Austin Watson 7) at 9:15 (PP)

Penalties :
Kyle Turris (TOR) for Hooking (Minor) at 3:47, Brandon Davidson (TBL) for Hooking (Minor) at 8:12, Kyle Turris (TOR) for Holding (Minor) at 10:48

2nd period

3. TORONTO Maple Leafs , Austin Watson 8 (Timo Meier 3, Ben Chiarot 13) at 3:19
4. TORONTO Maple Leafs , Stefan Noesen 4 (Mark Jankowski 5, Julius Honka 2) at 9:28

Penalties :
Austin Watson (TOR) for Hooking (Minor) at 11:21

3rd period

5. TORONTO Maple Leafs , Patrik Nemeth 6 (Nick Leddy 13, Jason Zucker 8) at 6:11
6. TORONTO Maple Leafs , Nick Leddy 3 (Corey Perry 14, Austin Watson 8) at 17:18 (PP)

Penalties :
Austin Watson (TOR) for Hooking (Minor) at 2:20, Luca Sbisa (TBL) for Holding (Minor) at 15:27

Goalie Stats

Roberto Luongo (TOR), 36 saves from 36 shots - (1,000), W, 13-13-4, 60:00 minutes
Cory Schneider (TBL), 20 saves from 25 shots - (0,800), L, 12-7-2, 46:11 minutes
Calvin Pickard (TBL), 4 saves from 5 shots - (0,800), 13:49 minutes

Players Stats for TORONTO Maple Leafs

Player Name              G  A  P  +/- PIM S  H  SB GA TA FO     MP     PP MP  PK MP  
------------------------------------------------------------------------------------
Andrej Sekera            1  0  1   1  0   1  3  2  0  0  0/0    22:59   0:00   4:10 
Austin Watson            1  2  3   1  4   3  2  1  0  0  1/3    13:34   1:18   2:17 
Ben Chiarot              0  1  1   2  0   1  5  3  0  0  0/0    18:15   1:21   3:46 
Brett Ritchie            0  0  0   2  0   0  0  0  0  0  0/1     4:38   0:00   0:00 
Colin Wilson             0  0  0   0  0   0  2  0  0  0  1/1    16:53   1:36   0:00 
Corey Perry              0  1  1   0  0   3  3  0  0  0  1/1    17:13   1:56   0:00 
Jason Zucker             0  1  1   1  0   2  2  1  0  0  0/3    18:44   0:00   0:00 
Julius Honka             0  1  1   2  0   1  3  1  0  0  0/0    14:21   1:13   0:00 
Jussi Jokinen            0  0  0   1  0   3  0  0  0  0  8/15   13:11   0:20   2:50 
Kris Letang              0  1  1   1  0   1  5  3  0  0  0/0    24:20   1:13   4:10 
Kyle Turris              0  0  0   1  4   3  0  0  0  0  10/29  20:21   0:58   0:41 
Mark Jankowski           0  1  1   2  0   0  0  0  0  0  3/9     5:08   0:00   0:00 
Nick Leddy               1  1  2   1  0   2  2  0  0  0  0/0    22:40   1:41   3:46 
Nikolaj Ehlers           1  0  1   1  0   5  1  0  0  0  2/4    23:36   0:58   3:54 
Patrik Nemeth            1  0  1   1  0   1  2  0  0  0  0/0    17:25   0:20   0:00 
Stefan Noesen            1  1  2   2  0   2  2  0  0  0  0/2     8:01   0:00   2:53 
Timo Meier               0  1  1   1  0   1  1  0  0  0  2/7    13:48   0:00   3:17 
Tyler Bozak              0  0  0   0  0   1  0  0  0  0  8/13   16:53   1:36   0:00 

Players Stats for TAMPA BAY Lightning

Player Name              G  A  P  +/- PIM S  H  SB GA TA FO     MP     PP MP  PK MP  
------------------------------------------------------------------------------------
Brady Skjei              0  0  0  -3  0   0  0  2  0  0  0/0    22:05   4:59   1:19 
Brandon Davidson         0  0  0   0  2   1  0  0  0  0  0/0    16:27   2:38   1:01 
Bryan Rust               0  0  0  -1  0   2  1  0  0  0  1/1    21:52   3:58   1:38 
Cedric Paquette          0  0  0  -1  0   1  0  0  0  0  3/5     4:23   0:00   1:04 
Chris Wideman            0  0  0   0  0   0  0  0  0  0  0/0     2:35   0:19   0:16 
Conor Sheary             0  0  0  -1  0   1  0  0  0  0  3/4    21:06   3:58   0:52 
Danton Heinen            0  0  0   0  0   0  0  0  0  0  0/1    12:22   0:00   0:00 
David Backes             0  0  0   0  0   4  0  0  0  0  13/19  12:22   0:00   0:00 
David Savard             0  0  0  -3  0   3  2  1  0  0  0/0    20:14   3:08   1:19 
Filip Forsberg           0  0  0  -2  0   6  1  0  0  0  2/3    21:27   3:58   0:16 
Karl Alzner              0  0  0   0  0   1  1  0  0  0  0/0    14:08   0:00   1:19 
Luca Sbisa               0  0  0  -1  2   1  5  4  0  0  0/0    25:39   4:48   0:18 
Mats Zuccarello          0  0  0  -2  0   5  1  1  0  0  1/2    21:11   3:58   0:00 
Matt Martin              0  0  0  -1  0   0  1  0  0  0  0/0     3:19   0:00   0:00 
Mikael Backlund          0  0  0  -1  0   4  1  0  0  0  17/28  22:12   3:58   1:58 
Patrick Maroon           0  0  0   0  0   1  0  1  0  0  0/0    12:22   0:00   0:00 
Ryan Kesler              0  0  0  -3  0   6  2  0  0  0  12/25  24:30   3:58   0:00 
Seth Jones               0  0  0  -1  0   0  1  0  0  0  0/0    18:50   0:00   0:16 

3 Stars

1 - Roberto Luongo (TOR)
2 - Stefan Noesen (TOR)
3 - Nick Leddy (TOR)

Power Play

TORONTO Maple Leafs - 2 on 2 Attempt(s) - 100,00%
TAMPA BAY Lightning - 0 on 4 Attempt(s) - 0,00%

Penalty Kill

TORONTO Maple Leafs - 4 on 4 Attempt(s) - 100,00% - Score 0 goal in Penalty Kill
TAMPA BAY Lightning - 0 on 2 Attempt(s) - 0,00% - Score 0 goal in Penalty Kill

Team Stat

TORONTO Maple Leafs - Hits : 33 - Faceoff Wins : 36 - Blocked Shots : 11 - Penalty Minutes : 8
TAMPA BAY Lightning - Hits : 16 - Faceoff Wins : 52 - Blocked Shots : 9 - Penalty Minutes : 4

Official

Referees : Unknown
Linesman : Unknown

Game Notes

Calvin Pickard enters game at 6:11 of 3rd period
Brett Ritchie is injured at 13:34 of 3rd period (Left Leg)

Finance

Level 1 -- Attendance: 4775 (68,21%) -- Ticket Income 477 500 $
Level 2 -- Attendance: 4396 (78,50%) -- Ticket Income 263 760 $
Level 3 -- Attendance: 2033 (100,00%) -- Ticket Income 71 155 $
Level 4 -- Attendance: 4001 (100,00%) -- Ticket Income 80 020 $
Luxury Box -- Attendance: 867 (85,76%) -- Ticket Income 173 400 $
Game was played at the Amalie Arena.
Total Attendance: 16072 (81,81%)
Total Ticket Income: 1 065 835 $
Other Income: 415 676 $
Total Income: 1 481 511 $

TORONTO Maple Leafs

5 vs 5 Forward 
   Center                   Left Wing                Right Wing               Time % Phy DF OF 
 1 Kyle Turris              Jason Zucker             Nikolaj Ehlers           40     0   1  4  
 2 Tyler Bozak              Colin Wilson             Corey Perry              30     0   1  4  
 3 Jussi Jokinen            Austin Watson            Timo Meier               20     1   2  2  
 4 Mark Jankowski           Stefan Noesen            Brett Ritchie            10     1   2  2  

5 vs 5 Defense 
   Defense                  Defense                                           Time % Phy DF OF 
 1 Kris Letang              Andrej Sekera                                     40     0   2  3  
 2 Nick Leddy               Patrik Nemeth                                     35     2   2  1  
 3 Ben Chiarot              Julius Honka                                      20     1   4  0  
 4 Nick Leddy               Kris Letang                                       5      0   1  4  

PowerPlay Forward 
   Center                   Left Wing                Right Wing               Time % Phy DF OF 
 1 Kyle Turris              Austin Watson            Nikolaj Ehlers           60     0   1  4  
 2 Tyler Bozak              Colin Wilson             Corey Perry              40     0   1  4  

PowerPlay Defense
   Defense                  Defense                                           Time % Phy DF OF 
 1 Nick Leddy               Ben Chiarot                                       75     1   2  2  
 2 Kris Letang              Julius Honka                                      25     1   2  2  

Penalty Kill 4 Players Forward 
   Center                   Wing                     Time % Phy DF OF 
 1 Austin Watson            Nikolaj Ehlers           60     1   3  1  
 2 Kyle Turris              Stefan Noesen            40     1   3  1  

Penalty Kill 4 Players Defense
   Defense                  Defense                  Time % Phy DF OF 
 1 Kris Letang              Andrej Sekera            60     1   4  0  
 2 Nick Leddy               Ben Chiarot              40     1   4  0  

Penalty Kill - 3 Players Forward 
   Forward                                           Time % Phy DF OF 
 1 Austin Watson                                     60     1   4  0  
 2 Kyle Turris                                       40     1   4  0  

Penalty Kill - 3 Players Defense
   Defense                  Defense                  Time % Phy DF OF 
 1 Kris Letang              Patrik Nemeth            60     1   4  0  
 2 Nick Leddy               Ben Chiarot              40     1   4  0  

4 vs 4 Forward 
   Center                   Wing                     Time % Phy DF OF 
 1 Kyle Turris              Austin Watson            60     1   2  2  
 2 Tyler Bozak              Nikolaj Ehlers           40     1   2  2  

4 vs 4 Defense
   Defense                  Defense                  Time % Phy DF OF 
 1 Andrej Sekera            Kris Letang              60     0   2  3  
 2 Nick Leddy               Ben Chiarot              40     1   2  2  

Last Minutes Offensive
   Center                   Left Wing                Right Wing               Defense                  Defense                  
   Kyle Turris              Jason Zucker             Nikolaj Ehlers           Kris Letang              Nick Leddy               

Last Minutes Defensive
   Center                   Left Wing                Right Wing               Defense                  Defense                  
   Austin Watson            Jason Zucker             Stefan Noesen            Kris Letang              Andrej Sekera            

Goaltenders
Starting : Roberto Luongo           
Backup : Adin Hill                

Extra Forwards
Normal : Colin Wilson, Kyle Turris, Timo Meier - PP : Colin Wilson, Kyle Turris - PK : Timo Meier
Extra Defensemen
Normal : Nick Leddy, Ben Chiarot, Kris Letang - PP : Kris Letang - PK : Kris Letang, Nick Leddy
Penalty Shots
Colin Wilson, Nikolaj Ehlers, Kyle Turris, Timo Meier, Austin Watson

TAMPA BAY Lightning

5 vs 5 Forward 
   Center                   Left Wing                Right Wing               Time % Phy DF OF 
 1 Ryan Kesler              Mats Zuccarello          Filip Forsberg           40     1   1  3  
 2 Mikael Backlund          Bryan Rust               Conor Sheary             32     1   2  2  
 3 David Backes             Danton Heinen            Patrick Maroon           20     1   2  2  
 4 Cedric Paquette          Ryan Kesler              Matt Martin              8      5   0  0  

5 vs 5 Defense 
   Defense                  Defense                                           Time % Phy DF OF 
 1 Luca Sbisa               Seth Jones                                        40     1   2  2  
 2 Brady Skjei              David Savard                                      30     1   2  2  
 3 Brandon Davidson         Karl Alzner                                       20     1   2  2  
 4 Chris Wideman            Luca Sbisa                                        10     1   2  2  

PowerPlay Forward 
   Center                   Left Wing                Right Wing               Time % Phy DF OF 
 1 Ryan Kesler              Filip Forsberg           Mats Zuccarello          60     1   1  3  
 2 Mikael Backlund          Bryan Rust               Conor Sheary             40     1   1  3  

PowerPlay Defense
   Defense                  Defense                                           Time % Phy DF OF 
 1 Luca Sbisa               Brady Skjei                                       60     1   1  3  
 2 Brady Skjei              David Savard                                      40     1   2  2  

Penalty Kill 4 Players Forward 
   Center                   Wing                     Time % Phy DF OF 
 1 Mikael Backlund          Bryan Rust               65     1   2  2  
 2 Filip Forsberg           Cedric Paquette          35     1   2  2  

Penalty Kill 4 Players Defense
   Defense                  Defense                  Time % Phy DF OF 
 1 Brady Skjei              David Savard             60     1   2  2  
 2 Luca Sbisa               Karl Alzner              40     1   2  2  

Penalty Kill - 3 Players Forward 
   Forward                                           Time % Phy DF OF 
 1 Filip Forsberg                                    60     1   2  2  
 2 Mikael Backlund                                   40     1   2  2  

Penalty Kill - 3 Players Defense
   Defense                  Defense                  Time % Phy DF OF 
 1 Brady Skjei              David Savard             60     1   2  2  
 2 Luca Sbisa               Karl Alzner              40     1   2  2  

4 vs 4 Forward 
   Center                   Wing                     Time % Phy DF OF 
 1 Bryan Rust               Filip Forsberg           60     1   2  2  
 2 Mikael Backlund          Mats Zuccarello          40     1   2  2  

4 vs 4 Defense
   Defense                  Defense                  Time % Phy DF OF 
 1 Karl Alzner              Luca Sbisa               60     1   2  2  
 2 David Savard             Brady Skjei              40     1   2  2  

Last Minutes Offensive
   Center                   Left Wing                Right Wing               Defense                  Defense                  
   Ryan Kesler              Mats Zuccarello          Filip Forsberg           Seth Jones               Brady Skjei              

Last Minutes Defensive
   Center                   Left Wing                Right Wing               Defense                  Defense                  
   Ryan Kesler              Mats Zuccarello          Filip Forsberg           Seth Jones               Karl Alzner              

Goaltenders
Starting : Cory Schneider           
Backup : Calvin Pickard           

Extra Forwards
Normal : David Backes, Bryan Rust, Conor Sheary - PP : David Backes, Bryan Rust - PK : Conor Sheary
Extra Defensemen
Normal : Brady Skjei, Karl Alzner, Luca Sbisa - PP : Brady Skjei - PK : Brady Skjei, Luca Sbisa
Penalty Shots
Conor Sheary, Filip Forsberg, Patrick Maroon, Mats Zuccarello, Mikael Backlund


% Time on Ice - TORONTO Maple Leafs

Lines # - Real PCT - Wanted PCT - Time Play
Normal Forward
1 - 38% - 40% - 18:44
2 - 31% - 30% - 15:17
3 - 20% - 20% - 10:01
4 - 10% - 10% - 5:08
Normal Defense
1 - 38% - 40% - 18:49
2 - 35% - 35% - 17:05
3 - 27% - 20% - 13:08
4 - 0% - 5% - 0:08
PP Forward
1 - 33% - 60% - 0:58
2 - 67% - 40% - 1:56
PP Defense
1 - 58% - 75% - 1:41
2 - 42% - 25% - 1:13
PK Forward
1 - 76% - 60% - 6:02
2 - 24% - 40% - 1:54
PK Defense
1 - 53% - 60% - 4:10
2 - 47% - 40% - 3:46
PK3 Forward
1 - 0% - 60%
2 - 0% - 40%
PK3 Defense
1 - 0% - 60%
2 - 0% - 40%
44 Forward
1 - 0% - 60%
2 - 0% - 40%
44 Defense
1 - 0% - 60%
2 - 0% - 40%
Last Minute Offensive  - 0:00
Last Minute Defensive  - 0:00
Total
Forward - 60:00
Defense - 60:00

% Time on Ice - TAMPA BAY Lightning

Lines # - Real PCT - Wanted PCT - Time Play
Normal Forward
1 - 35% - 40% - 17:13
2 - 33% - 32% - 16:16
3 - 25% - 20% - 12:22
4 - 7% - 8% - 3:19
Normal Defense
1 - 38% - 40% - 18:34
2 - 32% - 30% - 15:47
3 - 26% - 20% - 12:49
4 - 4% - 10% - 2:00
PP Forward
1 - 50% - 60% - 3:58
2 - 50% - 40% - 3:58
PP Defense
1 - 61% - 60% - 4:48
2 - 39% - 40% - 3:08
PK Forward
1 - 100% - 65% - 2:54
2 - 0% - 35% - 0:00
PK Defense
1 - 45% - 60% - 1:19
2 - 55% - 40% - 1:35
PK3 Forward
1 - 0% - 60%
2 - 0% - 40%
PK3 Defense
1 - 0% - 60%
2 - 0% - 40%
44 Forward
1 - 0% - 60%
2 - 0% - 40%
44 Defense
1 - 0% - 60%
2 - 0% - 40%
Last Minute Offensive  - 0:00
Last Minute Defensive  - 0:00
Total
Forward - 60:00
Defense - 60:00

Play by Play

1st period


0:01 of 1st period - Nikolaj Ehlers wins face-off versus Ryan Kesler in neutral zone.
0:03 of 1st period - Kyle Turris is hit by Luca Sbisa and loses puck.
0:25 of 1st period - Shot by Kyle Turris.
0:25 of 1st period - Shot Blocked by Mats Zuccarello.
0:28 of 1st period - Icing by Luca Sbisa.
0:29 of 1st period - Ryan Kesler wins face-off versus Tyler Bozak in TAMPA BAY Lightning zone.
0:29 of 1st period - Ryan Kesler is hit by Colin Wilson.
1:08 of 1st period - Shot by Tyler Bozak.
1:08 of 1st period - Shot Misses the Net.
1:10 of 1st period - Shot by Patrik Nemeth.
1:10 of 1st period - Shot Misses the Net.
1:35 of 1st period - Bryan Rust is hit by Julius Honka and loses puck.
1:44 of 1st period - Shot by Jussi Jokinen.
1:44 of 1st period - Stopped by Cory Schneider without a rebound.
1:45 of 1st period - David Backes wins face-off versus Kyle Turris in TAMPA BAY Lightning zone.
1:56 of 1st period - Off-side.
1:57 of 1st period - Mikael Backlund wins face-off versus Mark Jankowski in neutral zone.
2:12 of 1st period - Shot by Mikael Backlund.
2:12 of 1st period - Shot Blocked by Andrej Sekera.
2:14 of 1st period - Shot by Mikael Backlund.
2:14 of 1st period - Deflect By Conor Sheary.
2:14 of 1st period - Stopped by Roberto Luongo without a rebound.
2:15 of 1st period - David Backes wins face-off versus Kyle Turris in TORONTO Maple Leafs zone.
2:37 of 1st period - Icing by Patrik Nemeth.
2:38 of 1st period - Cedric Paquette wins face-off versus Kyle Turris in TORONTO Maple Leafs zone.
2:46 of 1st period - Off-side.
2:47 of 1st period - Conor Sheary wins face-off versus Timo Meier in neutral zone.
3:46 of 1st period - Shot by Corey Perry.
3:46 of 1st period - Stopped by Cory Schneider without a rebound.
3:47 of 1st period - David Backes wins face-off versus Kyle Turris in TAMPA BAY Lightning zone.
3:47 of 1st period - Minor Penalty to Kyle Turris for Hooking.
3:48 of 1st period - Ryan Kesler wins face-off versus Austin Watson in TORONTO Maple Leafs zone.
4:10 of 1st period - Mats Zuccarello is hit by Ben Chiarot and loses puck.
4:51 of 1st period - Shot by Mikael Backlund.
4:51 of 1st period - Shot Misses the Net.
4:53 of 1st period - Shot by Mikael Backlund.
4:53 of 1st period - Deflect By Bryan Rust.
4:53 of 1st period - Shot Misses the Net.
4:55 of 1st period - Shot by Brandon Davidson.
4:55 of 1st period - Shot Misses the Net.
4:57 of 1st period - Shot by Mikael Backlund.
4:57 of 1st period - Stopped by Roberto Luongo without a rebound.
4:58 of 1st period - Timo Meier wins face-off versus Mikael Backlund in TORONTO Maple Leafs zone.
5:19 of 1st period - Shot by Mikael Backlund.
5:19 of 1st period - Shot Misses the Net.
5:34 of 1st period - Icing by Luca Sbisa.
5:35 of 1st period - Mikael Backlund wins face-off versus Timo Meier in TAMPA BAY Lightning zone.
6:13 of 1st period - Shot by Mats Zuccarello.
6:13 of 1st period - Shot Misses the Net.
6:15 of 1st period - Shot by Filip Forsberg.
6:15 of 1st period - Shot Misses the Net.
6:27 of 1st period - Shot by Mats Zuccarello.
6:27 of 1st period - Shot Misses the Net.
6:29 of 1st period - Shot by Filip Forsberg.
6:29 of 1st period - Stopped by Roberto Luongo without a rebound.
6:30 of 1st period - Kyle Turris wins face-off versus David Backes in TORONTO Maple Leafs zone.
6:45 of 1st period - Shot by Nikolaj Ehlers.
6:45 of 1st period - Shot Blocked by Patrick Maroon.
7:01 of 1st period - Shot by Nikolaj Ehlers.
7:01 of 1st period - Stopped by Cory Schneider without a rebound.
7:02 of 1st period - Mark Jankowski wins face-off versus Cedric Paquette in TAMPA BAY Lightning zone.
7:29 of 1st period - Shot by Andrej Sekera.
7:29 of 1st period - Goal by Andrej Sekera - TORONTO Maple Leafs : 1 - TAMPA BAY Lightning : 0.
7:30 of 1st period - Kyle Turris wins face-off versus Mikael Backlund in neutral zone.
7:41 of 1st period - Shot by Nikolaj Ehlers.
7:41 of 1st period - Shot Misses the Net.
7:45 of 1st period - Shot by Kyle Turris.
7:45 of 1st period - Shot Misses the Net.
7:47 of 1st period - Shot by Nikolaj Ehlers.
7:47 of 1st period - Deflect By Kyle Turris.
7:47 of 1st period - Shot Misses the Net.
8:12 of 1st period - Minor Penalty to Brandon Davidson for Hooking.
8:13 of 1st period - Mikael Backlund wins face-off versus Tyler Bozak in TAMPA BAY Lightning zone.
8:51 of 1st period - Shot by Corey Perry.
8:51 of 1st period - Stopped by Cory Schneider without a rebound.
8:52 of 1st period - Kyle Turris wins face-off versus Conor Sheary in TAMPA BAY Lightning zone.
9:15 of 1st period - Shot by Nikolaj Ehlers.
9:15 of 1st period - Goal by Nikolaj Ehlers - TORONTO Maple Leafs : 2 - TAMPA BAY Lightning : 0.
9:16 of 1st period - Ryan Kesler wins face-off versus Brett Ritchie in neutral zone.
9:19 of 1st period - Shot by Mats Zuccarello.
9:19 of 1st period - Stopped by Roberto Luongo with a rebound.
9:37 of 1st period - Shot by Stefan Noesen.
9:37 of 1st period - Shot Misses the Net.
9:39 of 1st period - Shot by Kris Letang.
9:39 of 1st period - Stopped by Cory Schneider without a rebound.
9:40 of 1st period - Kyle Turris wins face-off versus David Backes in TAMPA BAY Lightning zone.
9:41 of 1st period - Shot by Nikolaj Ehlers.
9:41 of 1st period - Shot Blocked by David Savard.
9:47 of 1st period - Shot by Jason Zucker.
9:47 of 1st period - Stopped by Cory Schneider without a rebound.
9:48 of 1st period - Kyle Turris wins face-off versus Ryan Kesler in TAMPA BAY Lightning zone.
9:57 of 1st period - Shot by Nikolaj Ehlers.
9:57 of 1st period - Deflect By Kyle Turris.
9:57 of 1st period - Stopped by Cory Schneider with a rebound.
10:48 of 1st period - Minor Penalty to Kyle Turris for Holding.
10:49 of 1st period - Mikael Backlund wins face-off versus Austin Watson in TORONTO Maple Leafs zone.
12:02 of 1st period - Shot by Mats Zuccarello.
12:02 of 1st period - Deflect By Ryan Kesler.
12:02 of 1st period - Stopped by Roberto Luongo with a rebound.
12:04 of 1st period - Shot by David Savard.
12:04 of 1st period - Stopped by Roberto Luongo with a rebound.
13:04 of 1st period - Patrick Maroon is hit by Julius Honka and loses puck.
13:07 of 1st period - Shot by Karl Alzner.
13:07 of 1st period - Shot Misses the Net.
13:09 of 1st period - Shot by Danton Heinen.
13:09 of 1st period - Shot Blocked by Ben Chiarot.
14:06 of 1st period - Icing by Corey Perry.
14:07 of 1st period - Tyler Bozak wins face-off versus Ryan Kesler in TORONTO Maple Leafs zone.
14:32 of 1st period - Shot by Mats Zuccarello.
14:32 of 1st period - Shot Blocked by Ben Chiarot.
14:45 of 1st period - Icing by Julius Honka.
14:46 of 1st period - Tyler Bozak wins face-off versus Mikael Backlund in TORONTO Maple Leafs zone.
15:14 of 1st period - Bryan Rust is hit by Ben Chiarot and loses puck.
15:50 of 1st period - David Backes is hit by Ben Chiarot and loses puck.
15:53 of 1st period - Shot by Brandon Davidson.
15:53 of 1st period - Stopped by Roberto Luongo without a rebound.
15:54 of 1st period - Filip Forsberg wins face-off versus Jason Zucker in TORONTO Maple Leafs zone.
15:57 of 1st period - Shot by Filip Forsberg.
15:57 of 1st period - Shot Misses the Net.
16:05 of 1st period - Shot by Kyle Turris.
16:05 of 1st period - Shot Misses the Net.
16:31 of 1st period - Shot by Nikolaj Ehlers.
16:31 of 1st period - Shot Blocked by Brady Skjei.
16:33 of 1st period - Shot by Kyle Turris.
16:33 of 1st period - Stopped by Cory Schneider without a rebound.
16:34 of 1st period - Mikael Backlund wins face-off versus Jussi Jokinen in TAMPA BAY Lightning zone.
16:34 of 1st period - Mikael Backlund is hit by Austin Watson.
17:13 of 1st period - Icing by Karl Alzner.
17:14 of 1st period - Conor Sheary wins face-off versus Mark Jankowski in TAMPA BAY Lightning zone.
17:27 of 1st period - Shot by Bryan Rust.
17:27 of 1st period - Stopped by Roberto Luongo without a rebound.
17:28 of 1st period - David Backes wins face-off versus Jason Zucker in TORONTO Maple Leafs zone.
17:28 of 1st period - David Backes is hit by Andrej Sekera.
17:54 of 1st period - Shot by Luca Sbisa.
17:54 of 1st period - Shot Misses the Net.
18:20 of 1st period - Shot by Nick Leddy.
18:20 of 1st period - Stopped by Cory Schneider without a rebound.
18:21 of 1st period - Jussi Jokinen wins face-off versus Ryan Kesler in TAMPA BAY Lightning zone.
18:24 of 1st period - Shot by Austin Watson.
18:24 of 1st period - Stopped by Cory Schneider without a rebound.
18:25 of 1st period - Jussi Jokinen wins face-off versus Ryan Kesler in TAMPA BAY Lightning zone.
19:08 of 1st period - Shot by Ryan Kesler.
19:08 of 1st period - Stopped by Roberto Luongo with a rebound.
19:10 of 1st period - Shot by David Savard.
19:10 of 1st period - Stopped by Roberto Luongo without a rebound.
19:11 of 1st period - Mikael Backlund wins face-off versus Kyle Turris in TORONTO Maple Leafs zone.
19:16 of 1st period - Shot by Mikael Backlund.
19:16 of 1st period - Stopped by Roberto Luongo without a rebound.
19:17 of 1st period - Mikael Backlund wins face-off versus Kyle Turris in TORONTO Maple Leafs zone.
19:17 of 1st period - Seth Jones is hit by Kris Letang and loses puck.
19:40 of 1st period - Shot by Nikolaj Ehlers.
19:40 of 1st period - Stopped by Cory Schneider without a rebound.
19:41 of 1st period - Tyler Bozak wins face-off versus Ryan Kesler in TAMPA BAY Lightning zone.
19:51 of 1st period - Mats Zuccarello is hit by Nick Leddy and loses puck.
19:56 of 1st period - Shot by Ryan Kesler.
19:56 of 1st period - Stopped by Roberto Luongo without a rebound.
19:57 of 1st period - Kyle Turris wins face-off versus Mikael Backlund in TORONTO Maple Leafs zone.
Goals for this period are 2 for TORONTO Maple Leafs vs 0 for TAMPA BAY Lightning.
Shots for this period are 13 for TORONTO Maple Leafs vs 12 for TAMPA BAY Lightning.

2nd period


0:01 of 2nd period - Ryan Kesler wins face-off versus Kyle Turris in neutral zone.
0:01 of 2nd period - Ryan Kesler is hit by Nikolaj Ehlers.
0:05 of 2nd period - Kris Letang is hit by Mats Zuccarello and loses puck.
0:10 of 2nd period - Shot by Filip Forsberg.
0:10 of 2nd period - Stopped by Roberto Luongo without a rebound.
0:11 of 2nd period - Mikael Backlund wins face-off versus Jussi Jokinen in TORONTO Maple Leafs zone.
0:14 of 2nd period - Shot by Bryan Rust.
0:14 of 2nd period - Stopped by Roberto Luongo with a rebound.
0:21 of 2nd period - Icing by Kris Letang.
0:22 of 2nd period - Jussi Jokinen wins face-off versus Ryan Kesler in TORONTO Maple Leafs zone.
0:31 of 2nd period - Shot by Timo Meier.
0:31 of 2nd period - Shot Misses the Net.
0:36 of 2nd period - Icing by Seth Jones.
0:37 of 2nd period - Ryan Kesler wins face-off versus Kyle Turris in TAMPA BAY Lightning zone.
1:04 of 2nd period - Shot by Nikolaj Ehlers.
1:04 of 2nd period - Stopped by Cory Schneider without a rebound.
1:05 of 2nd period - Colin Wilson wins face-off versus Mikael Backlund in TAMPA BAY Lightning zone.
1:23 of 2nd period - Conor Sheary is hit by Corey Perry and loses puck.
2:35 of 2nd period - Nikolaj Ehlers is hit by Seth Jones and loses puck.
3:02 of 2nd period - Ben Chiarot is hit by Luca Sbisa and loses puck.
3:15 of 2nd period - Shot by Timo Meier.
3:15 of 2nd period - Shot Misses the Net.
3:17 of 2nd period - Shot by Austin Watson.
3:17 of 2nd period - Shot Blocked by Luca Sbisa.
3:19 of 2nd period - Shot by Austin Watson.
3:19 of 2nd period - Goal by Austin Watson - TORONTO Maple Leafs : 3 - TAMPA BAY Lightning : 0.
3:20 of 2nd period - Mark Jankowski wins face-off versus Danton Heinen in neutral zone.
4:01 of 2nd period - Off-side.
4:02 of 2nd period - Kyle Turris wins face-off versus Mikael Backlund in neutral zone.
4:37 of 2nd period - Conor Sheary is hit by Patrik Nemeth and loses puck.
4:47 of 2nd period - Conor Sheary is hit by Nick Leddy and loses puck.
5:49 of 2nd period - Off-side.
5:50 of 2nd period - Timo Meier wins face-off versus David Backes in neutral zone.
6:27 of 2nd period - Shot by David Backes.
6:27 of 2nd period - Shot Blocked by Austin Watson.
6:29 of 2nd period - Shot by David Backes.
6:29 of 2nd period - Stopped by Roberto Luongo without a rebound.
6:30 of 2nd period - Ryan Kesler wins face-off versus Kyle Turris in TORONTO Maple Leafs zone.
6:52 of 2nd period - Icing by Patrik Nemeth.
6:53 of 2nd period - Cedric Paquette wins face-off versus Kyle Turris in TORONTO Maple Leafs zone.
7:01 of 2nd period - Jason Zucker is hit by Luca Sbisa and loses puck.
8:50 of 2nd period - Shot by Timo Meier.
8:50 of 2nd period - Stopped by Cory Schneider without a rebound.
8:51 of 2nd period - Mikael Backlund wins face-off versus Mark Jankowski in TAMPA BAY Lightning zone.
9:04 of 2nd period - Shot by Mikael Backlund.
9:04 of 2nd period - Shot Misses the Net.
9:22 of 2nd period - Shot by Stefan Noesen.
9:22 of 2nd period - Deflect By Mark Jankowski.
9:22 of 2nd period - Shot Misses the Net.
9:26 of 2nd period - Shot by Mark Jankowski.
9:26 of 2nd period - Deflect By Stefan Noesen.
9:26 of 2nd period - Shot Misses the Net.
9:28 of 2nd period - Shot by Stefan Noesen.
9:28 of 2nd period - Goal by Stefan Noesen - TORONTO Maple Leafs : 4 - TAMPA BAY Lightning : 0.
9:29 of 2nd period - Ryan Kesler wins face-off versus Jussi Jokinen in neutral zone.
9:34 of 2nd period - Shot by Filip Forsberg.
9:34 of 2nd period - Deflect By Mats Zuccarello.
9:34 of 2nd period - Stopped by Roberto Luongo with a rebound.
9:36 of 2nd period - Shot by Luca Sbisa.
9:36 of 2nd period - Stopped by Roberto Luongo without a rebound.
9:37 of 2nd period - Ryan Kesler wins face-off versus Kyle Turris in TORONTO Maple Leafs zone.
9:37 of 2nd period - Filip Forsberg is hit by Kris Letang and loses puck.
9:55 of 2nd period - Shot by Filip Forsberg.
9:55 of 2nd period - Deflect By Mats Zuccarello.
9:55 of 2nd period - Shot Blocked by Jason Zucker.
9:57 of 2nd period - Shot by Mats Zuccarello.
9:57 of 2nd period - Shot Misses the Net.
10:08 of 2nd period - Filip Forsberg is hit by Kris Letang and loses puck.
11:14 of 2nd period - Shot by Tyler Bozak.
11:14 of 2nd period - Stopped by Cory Schneider without a rebound.
11:15 of 2nd period - Jussi Jokinen wins face-off versus David Backes in TAMPA BAY Lightning zone.
11:21 of 2nd period - Minor Penalty to Austin Watson for Hooking.
11:22 of 2nd period - Ryan Kesler wins face-off versus Nikolaj Ehlers in TORONTO Maple Leafs zone.
11:23 of 2nd period - Shot by Mats Zuccarello.
11:23 of 2nd period - Shot Misses the Net.
12:30 of 2nd period - Off-side.
12:31 of 2nd period - Mikael Backlund wins face-off versus Timo Meier in neutral zone.
12:54 of 2nd period - Shot by David Savard.
12:54 of 2nd period - Shot Misses the Net.
12:56 of 2nd period - Shot by Mikael Backlund.
12:56 of 2nd period - Stopped by Roberto Luongo without a rebound.
12:57 of 2nd period - Mikael Backlund wins face-off versus Timo Meier in TORONTO Maple Leafs zone.
13:53 of 2nd period - Colin Wilson is hit by Luca Sbisa and loses puck.
14:05 of 2nd period - Icing by Seth Jones.
14:06 of 2nd period - David Backes wins face-off versus Jussi Jokinen in TAMPA BAY Lightning zone.
14:41 of 2nd period - Shot by Ryan Kesler.
14:41 of 2nd period - Stopped by Roberto Luongo without a rebound.
14:42 of 2nd period - Mikael Backlund wins face-off versus Nikolaj Ehlers in TORONTO Maple Leafs zone.
14:51 of 2nd period - Shot by Jason Zucker.
14:51 of 2nd period - Shot Misses the Net.
14:53 of 2nd period - Shot by Julius Honka.
14:53 of 2nd period - Stopped by Cory Schneider with a rebound.
14:55 of 2nd period - Shot by Ben Chiarot.
14:55 of 2nd period - Stopped by Cory Schneider without a rebound.
14:56 of 2nd period - Corey Perry wins face-off versus Ryan Kesler in TAMPA BAY Lightning zone.
15:06 of 2nd period - Shot by Corey Perry.
15:06 of 2nd period - Deflect By Tyler Bozak.
15:06 of 2nd period - Shot Blocked by Brady Skjei.
15:35 of 2nd period - Corey Perry is hit by Ryan Kesler and loses puck.
16:00 of 2nd period - Shot by Nikolaj Ehlers.
16:00 of 2nd period - Stopped by Cory Schneider without a rebound.
16:01 of 2nd period - Austin Watson wins face-off versus Mikael Backlund in TAMPA BAY Lightning zone.
16:10 of 2nd period - Shot by Jussi Jokinen.
16:10 of 2nd period - Stopped by Cory Schneider without a rebound.
16:11 of 2nd period - Kyle Turris wins face-off versus David Backes in TAMPA BAY Lightning zone.
16:12 of 2nd period - Shot by Nikolaj Ehlers.
16:12 of 2nd period - Shot Misses the Net.
16:48 of 2nd period - Icing by Luca Sbisa.
16:49 of 2nd period - David Backes wins face-off versus Jussi Jokinen in TAMPA BAY Lightning zone.
17:10 of 2nd period - Shot by Jussi Jokinen.
17:10 of 2nd period - Shot Blocked by Luca Sbisa.
17:42 of 2nd period - Shot by Corey Perry.
17:42 of 2nd period - Shot Misses the Net.
17:45 of 2nd period - Icing by Seth Jones.
17:46 of 2nd period - Kyle Turris wins face-off versus David Backes in TAMPA BAY Lightning zone.
17:47 of 2nd period - Shot by Nikolaj Ehlers.
17:47 of 2nd period - Shot Misses the Net.
18:01 of 2nd period - Shot by Jason Zucker.
18:01 of 2nd period - Shot Misses the Net.
18:03 of 2nd period - Shot by Nikolaj Ehlers.
18:03 of 2nd period - Shot Blocked by Luca Sbisa.
18:05 of 2nd period - Shot by Jason Zucker.
18:05 of 2nd period - Stopped by Cory Schneider without a rebound.
18:06 of 2nd period - Tyler Bozak wins face-off versus Filip Forsberg in TAMPA BAY Lightning zone.
18:29 of 2nd period - Shot by Tyler Bozak.
18:29 of 2nd period - Shot Misses the Net.
18:38 of 2nd period - Filip Forsberg is hit by Ben Chiarot.
19:18 of 2nd period - Bryan Rust is hit by Julius Honka and loses puck.
19:53 of 2nd period - Shot by Matt Martin.
19:53 of 2nd period - Shot Blocked by Kris Letang.
19:59 of 2nd period - Shot by Ryan Kesler.
19:59 of 2nd period - Shot Misses the Net.
Goals for this period are 2 for TORONTO Maple Leafs vs 0 for TAMPA BAY Lightning.
Shots for this period are 10 for TORONTO Maple Leafs vs 7 for TAMPA BAY Lightning.

3rd period


0:01 of 3rd period - Ryan Kesler wins face-off versus Kyle Turris in neutral zone.
0:23 of 3rd period - Shot by Filip Forsberg.
0:23 of 3rd period - Shot Blocked by Kris Letang.
0:39 of 3rd period - Jason Zucker is hit by Luca Sbisa and loses puck.
1:06 of 3rd period - Shot by Jussi Jokinen.
1:06 of 3rd period - Stopped by Cory Schneider without a rebound.
1:07 of 3rd period - Mikael Backlund wins face-off versus Mark Jankowski in TAMPA BAY Lightning zone.
1:26 of 3rd period - Shot by Bryan Rust.
1:26 of 3rd period - Shot Blocked by Ben Chiarot.
1:28 of 3rd period - Shot by David Savard.
1:28 of 3rd period - Stopped by Roberto Luongo without a rebound.
1:29 of 3rd period - David Backes wins face-off versus Jussi Jokinen in TORONTO Maple Leafs zone.
1:52 of 3rd period - Karl Alzner is hit by Austin Watson.
2:20 of 3rd period - Minor Penalty to Austin Watson for Hooking.
2:21 of 3rd period - Filip Forsberg wins face-off versus Kyle Turris in TORONTO Maple Leafs zone.
2:22 of 3rd period - Shot by Ryan Kesler.
2:22 of 3rd period - Shot Misses the Net.
2:24 of 3rd period - Shot by Ryan Kesler.
2:24 of 3rd period - Shot Blocked by Andrej Sekera.
2:26 of 3rd period - Shot by Luca Sbisa.
2:26 of 3rd period - Deflect By Mats Zuccarello.
2:26 of 3rd period - Stopped by Roberto Luongo without a rebound.
2:27 of 3rd period - Jussi Jokinen wins face-off versus Ryan Kesler in TORONTO Maple Leafs zone.
2:37 of 3rd period - Luca Sbisa is hit by Kris Letang and loses puck.
3:57 of 3rd period - Icing by David Savard.
3:58 of 3rd period - Mikael Backlund wins face-off versus Timo Meier in TAMPA BAY Lightning zone.
4:14 of 3rd period - Shot by Bryan Rust.
4:14 of 3rd period - Shot Misses the Net.
4:23 of 3rd period - Karl Alzner is hit by Ben Chiarot and loses puck.
4:30 of 3rd period - Shot by David Backes.
4:30 of 3rd period - Stopped by Roberto Luongo without a rebound.
4:31 of 3rd period - David Backes wins face-off versus Mark Jankowski in TORONTO Maple Leafs zone.
4:38 of 3rd period - Shot by Karl Alzner.
4:38 of 3rd period - Stopped by Roberto Luongo without a rebound.
4:39 of 3rd period - Tyler Bozak wins face-off versus Mikael Backlund in TORONTO Maple Leafs zone.
5:02 of 3rd period - Shot by Andrej Sekera.
5:02 of 3rd period - Shot Blocked by Luca Sbisa.
6:09 of 3rd period - Shot by Nick Leddy.
6:09 of 3rd period - Shot Misses the Net.
6:11 of 3rd period - Shot by Patrik Nemeth.
6:11 of 3rd period - Goal by Patrik Nemeth - TORONTO Maple Leafs : 5 - TAMPA BAY Lightning : 0.
6:11 of 3rd period - Calvin Pickard enters game.
6:12 of 3rd period - David Backes wins face-off versus Jussi Jokinen in neutral zone.
7:15 of 3rd period - Shot by Mats Zuccarello.
7:15 of 3rd period - Stopped by Roberto Luongo with a rebound.
7:17 of 3rd period - Shot by Filip Forsberg.
7:17 of 3rd period - Stopped by Roberto Luongo without a rebound.
7:18 of 3rd period - Mikael Backlund wins face-off versus Kyle Turris in TORONTO Maple Leafs zone.
7:58 of 3rd period - Nikolaj Ehlers is hit by David Savard and loses puck.
8:18 of 3rd period - Icing by Nikolaj Ehlers.
8:19 of 3rd period - Mats Zuccarello wins face-off versus Kyle Turris in TORONTO Maple Leafs zone.
9:04 of 3rd period - Shot by Filip Forsberg.
9:04 of 3rd period - Stopped by Roberto Luongo without a rebound.
9:05 of 3rd period - David Backes wins face-off versus Mark Jankowski in TORONTO Maple Leafs zone.
9:06 of 3rd period - Shot by Karl Alzner.
9:06 of 3rd period - Shot Blocked by Julius Honka.
9:08 of 3rd period - Shot by David Backes.
9:08 of 3rd period - Stopped by Roberto Luongo without a rebound.
9:09 of 3rd period - Mark Jankowski wins face-off versus Mikael Backlund in TORONTO Maple Leafs zone.
9:32 of 3rd period - Karl Alzner is hit by Stefan Noesen and loses puck.
9:44 of 3rd period - Icing by Brandon Davidson.
9:45 of 3rd period - Conor Sheary wins face-off versus Tyler Bozak in TAMPA BAY Lightning zone.
9:45 of 3rd period - Conor Sheary is hit by Corey Perry.
9:50 of 3rd period - Bryan Rust is hit by Andrej Sekera and loses puck.
10:17 of 3rd period - Shot by Corey Perry.
10:17 of 3rd period - Shot Misses the Net.
10:26 of 3rd period - Corey Perry is hit by Karl Alzner and loses puck.
10:36 of 3rd period - Icing by Bryan Rust.
10:37 of 3rd period - Bryan Rust wins face-off versus Kyle Turris in TAMPA BAY Lightning zone.
10:37 of 3rd period - Bryan Rust is hit by Jason Zucker.
10:45 of 3rd period - Patrik Nemeth is hit by Mikael Backlund and loses puck.
11:10 of 3rd period - Shot by Kyle Turris.
11:10 of 3rd period - Stopped by Calvin Pickard without a rebound.
11:11 of 3rd period - Jussi Jokinen wins face-off versus Ryan Kesler in TAMPA BAY Lightning zone.
11:44 of 3rd period - Shot by Filip Forsberg.
11:44 of 3rd period - Stopped by Roberto Luongo without a rebound.
11:45 of 3rd period - David Backes wins face-off versus Kyle Turris in TORONTO Maple Leafs zone.
12:01 of 3rd period - Patrick Maroon is hit by Kris Letang and loses puck.
12:09 of 3rd period - Shot by David Backes.
12:09 of 3rd period - Shot Blocked by Kris Letang.
12:17 of 3rd period - Shot by Patrick Maroon.
12:17 of 3rd period - Shot Misses the Net.
12:23 of 3rd period - Shot by David Backes.
12:23 of 3rd period - Stopped by Roberto Luongo without a rebound.
12:24 of 3rd period - Tyler Bozak wins face-off versus Ryan Kesler in TORONTO Maple Leafs zone.
12:35 of 3rd period - Shot by Colin Wilson.
12:35 of 3rd period - Shot Misses the Net.
12:40 of 3rd period - Ryan Kesler is hit by Colin Wilson and loses puck.
12:46 of 3rd period - Ryan Kesler is hit by Patrik Nemeth and loses puck.
12:53 of 3rd period - Shot by Filip Forsberg.
12:53 of 3rd period - Stopped by Roberto Luongo without a rebound.
12:54 of 3rd period - Cedric Paquette wins face-off versus Stefan Noesen in TORONTO Maple Leafs zone.
13:33 of 3rd period - Brett Ritchie is hit by David Savard and loses puck.
13:34 of 3rd period - Brett Ritchie from TORONTO Maple Leafs is injured at 13:34 of 3rd period (Left Leg).
13:35 of 3rd period - Mikael Backlund wins face-off versus Kyle Turris in TAMPA BAY Lightning zone.
13:35 of 3rd period - Seth Jones is hit by Jason Zucker and loses puck.
13:50 of 3rd period - Shot by Mikael Backlund.
13:50 of 3rd period - Stopped by Roberto Luongo without a rebound.
13:51 of 3rd period - David Backes wins face-off versus Tyler Bozak in TORONTO Maple Leafs zone.
13:58 of 3rd period - Shot by Patrick Maroon.
13:58 of 3rd period - Stopped by Roberto Luongo without a rebound.
13:59 of 3rd period - Nikolaj Ehlers wins face-off versus Mikael Backlund in TORONTO Maple Leafs zone.
13:59 of 3rd period - Nikolaj Ehlers is hit by Bryan Rust.
14:32 of 3rd period - Icing by Andrej Sekera.
14:33 of 3rd period - Kyle Turris wins face-off versus Ryan Kesler in TORONTO Maple Leafs zone.
15:27 of 3rd period - Minor Penalty to Luca Sbisa for Holding.
15:28 of 3rd period - Mikael Backlund wins face-off versus Tyler Bozak in TAMPA BAY Lightning zone.
15:28 of 3rd period - Mikael Backlund is hit by Corey Perry.
17:10 of 3rd period - Shot by Nick Leddy.
17:10 of 3rd period - Shot Misses the Net.
17:14 of 3rd period - Shot by Austin Watson.
17:14 of 3rd period - Stopped by Calvin Pickard with a rebound.
17:16 of 3rd period - Shot by Corey Perry.
17:16 of 3rd period - Stopped by Calvin Pickard with a rebound.
17:18 of 3rd period - Shot by Nick Leddy.
17:18 of 3rd period - Goal by Nick Leddy - TORONTO Maple Leafs : 6 - TAMPA BAY Lightning : 0.
17:19 of 3rd period - David Backes wins face-off versus Stefan Noesen in neutral zone.
17:19 of 3rd period - David Backes is hit by Stefan Noesen.
17:39 of 3rd period - Danton Heinen is hit by Timo Meier and loses puck.
17:48 of 3rd period - Shot by Mark Jankowski.
17:48 of 3rd period - Deflect By Stefan Noesen.
17:48 of 3rd period - Stopped by Calvin Pickard without a rebound.
17:49 of 3rd period - Ryan Kesler wins face-off versus Kyle Turris in TAMPA BAY Lightning zone.
18:01 of 3rd period - Shot by Ryan Kesler.
18:01 of 3rd period - Stopped by Roberto Luongo with a rebound.
18:03 of 3rd period - Shot by Mats Zuccarello.
18:03 of 3rd period - Stopped by Roberto Luongo without a rebound.
18:04 of 3rd period - Tyler Bozak wins face-off versus Cedric Paquette in TORONTO Maple Leafs zone.
18:04 of 3rd period - Tyler Bozak is hit by Matt Martin.
18:25 of 3rd period - Shot by Cedric Paquette.
18:25 of 3rd period - Stopped by Roberto Luongo with a rebound.
18:28 of 3rd period - Icing by Patrik Nemeth.
18:29 of 3rd period - Tyler Bozak wins face-off versus Mikael Backlund in TORONTO Maple Leafs zone.
19:03 of 3rd period - Bryan Rust is hit by Andrej Sekera and loses puck.
19:21 of 3rd period - Icing by Andrej Sekera.
19:22 of 3rd period - Ryan Kesler wins face-off versus Jason Zucker in TORONTO Maple Leafs zone.
19:25 of 3rd period - Shot by Ryan Kesler.
19:25 of 3rd period - Stopped by Roberto Luongo without a rebound.
19:26 of 3rd period - Jussi Jokinen wins face-off versus Mats Zuccarello in TORONTO Maple Leafs zone.
19:26 of 3rd period - Jussi Jokinen is hit by Ryan Kesler.
19:29 of 3rd period - Icing by Austin Watson.
19:30 of 3rd period - Jussi Jokinen wins face-off versus Ryan Kesler in TORONTO Maple Leafs zone.
19:30 of 3rd period - Jussi Jokinen is hit by Filip Forsberg.
Goals for this period are 2 for TORONTO Maple Leafs vs 0 for TAMPA BAY Lightning.
Shots for this period are 7 for TORONTO Maple Leafs vs 17 for TAMPA BAY Lightning.